Map: Neon Violet Square LE

Players

Nova

  • Race: Protoss Protoss
  • League: Silver
  • Spawn Location: 5:00

fruitcake - Winner!

  • Race: Terran Terran
  • Spawn Location: 11:00

VOD

Have the link to the VOD?

Description

Time

  • Played on: May 10, 2018, 5:05 p.m.
  • Length: 9:39
Show
View Real Time Build Order
Export as new Build Order

Nova Protoss 

Build Orders:  

Get SALT Encoding   

  1  0:00  Probe  
  12  0:05  Probe  
  14  0:22  Pylon  
  14  0:42  Forge  
  14  1:34  Pylon  
  14  1:36  Pylon  
  13  2:11  Gateway x2  
  13  2:13  Probe  
  13  2:14  Assimilator  
  13  2:21  Probe  
  14  2:24  Assimilator  
  15  2:30  Probe  
  16  2:42  Probe  
  17  2:55  Probe, Nexus  
  18  3:01  Cybernetics Core  
  18  3:04  Probe  
  18  3:12  Probe  
  19  3:15  Zealot  
  22  3:21  Probe  
  23  3:29  Assimilator  
  23  3:34  Pylon  
  23  3:36  Pylon  
  23  3:37  Warp Gate  
  23  3:48  Pylon  
  23  3:51  Pylon  
  23  3:52  Zealot, Probe  
  23  3:54  Pylon  
  26  4:04  Probe  
  26  4:09  Adept  
  29  4:16  Probe  
  30  4:19  Probe  
  31  4:28  Probe  
  31  4:31  Probe  
  33  4:39  Adept  
  33  4:40  Adept, Probe  
  33  4:44  Probe  
  39  4:53  Probe  
  39  4:54  Protoss Shields Level 1  
  39  4:56  Probe  
  41  5:05  Probe  
  42  5:09  Probe  
  43  5:17  Probe  
  43  5:21  Probe  
  45  5:29  Probe  
  45  5:33  Probe  
  47  5:41  Probe  
  48  5:45  Twilight Council, Probe  
  49  5:53  Probe  
  49  5:55  Protoss Air Weapons Level 1  
  50  6:05  Pylon  
  50  6:09  Adept x2  
  54  6:31  Nexus  
  54  6:33  Stargate  
  54  6:35  Probe  
  54  6:36  Probe  
  56  6:44  Probe x2  
  56  6:48  Protoss Ground Weapons Level 1  
  56  6:49  Adept x2  
  56  6:52  Probe x2  
  62  6:55  Gateway  
  62  6:56  Gateway  
  64  7:04  Probe x2  
  66  7:13  Stalker  
  66  7:14  Resonating Glaives, Stalker  
  70  7:16  Probe x2  
  72  7:26  Void Ray  
  72  7:33  Fleet Beacon  
  76  7:46  Adept x2  
  61  8:09  Void Ray, Adept x2  
  54  8:38  Zealot x2  
  54  8:45  Adept x2  
  55  8:52  Void Ray  
  59  9:02  Adept  
  59  9:03  Adept  
  53  9:29  Zealot x2  
Show
View Real Time Build Order
Export as new Build Order

fruitcake Terran - Winner!

Build Orders:  

Get SALT Encoding   

  12  0:01  SCV  
  13  0:17  Supply Depot  
  13  0:18  SCV  
  14  0:25  Refinery  
  14  0:30  SCV  
  15  0:43  Barracks  
  15  0:47  SCV  
  16  1:05  SCV  
  16  1:08  Supply Depot  
  17  1:20  SCV  
  18  1:32  SCV  
  19  1:33  Marine  
  20  1:51  Marine  
  21  2:00  Refinery  
  21  2:09  Marine  
  22  2:16  Factory  
  22  2:18  SCV  
  23  2:26  Marine  
  24  2:30  SCV  
  25  2:43  SCV  
  26  2:44  Marine  
  27  2:51  Barracks  
  27  2:57  Orbital Command  
  27  3:00  Factory Tech Lab  
  27  3:02  Marine  
  28  3:20  Marine  
  29  3:32  Command Center  
  29  3:48  SCV  
  30  3:59  Supply Depot  
  30  4:00  SCV  
  31  4:05  Supply Depot  
  31  4:09  Barracks Tech Lab, Barracks Reactor  
  31  4:21  Siege Tank  
  34  4:32  Starport  
  34  4:40  Marauder  
  34  4:41  Stimpack  
  36  4:46  Engineering Bay  
  36  4:50  SCV  
  36  4:51  SCV  
  38  4:53  Siege Tank  
  38  4:57  Marine  
  42  5:01  Marine  
  42  5:02  SCV  
  42  5:03  SCV  
  45  5:10  Medivac  
  47  5:15  SCV  
  47  5:16  SCV  
  49  5:22  Refinery  
  49  5:25  Refinery  
  49  5:28  SCV x2  
  51  5:30  Terran Infantry Weapons Level 1  
  51  5:33  Marine  
  52  5:40  SCV, Medivac  
  55  5:54  Marine x2, Marauder  
  59  6:11  Marine  
  59  6:12  Marine  
  61  6:22  Supply Depot  
  61  6:25  Supply Depot  
  61  6:29  Marine  
  62  6:43  Marine  
  62  6:44  Cyclone, Marauder  
  68  6:47  Marine  
  68  6:50  Starport Reactor  
  68  6:53  SCV  
  68  6:54  SCV  
  71  7:01  Marine  
  71  7:05  SCV, Marine, Marauder  
  76  7:12  Concussive Shells  
  76  7:17  SCV  
  76  7:19  Marine  
  78  7:28  Terran Infantry Armor Level 1  
  78  7:44  SCV, Marine, Marauder  
  78  7:45  Marine, Cyclone  
  64  8:02  Marine  
  64  8:03  Marine  
  67  8:06  Marauder  
  63  8:17  Cyclone  
  66  8:20  Marine  
  66  8:21  Marine  
  70  8:27  Marauder  
  70  8:38  Marine  
  70  8:39  Marine  
  74  8:48  Marauder  
  74  8:49  Cyclone  
  77  8:56  Marine  
  77  9:00  Marine  
  77  9:13  Marine, Marauder  
  75  9:18  Marine  
Tags
 
Add a new tag
Caveats
  • Supply blocks, unpowered buildings, or Contaminate may cause inaccurate times.
  • Supply counts are checked every 10 seconds.